 Dungeon Crawl Stone Soup version 0.30-a0-715-gdb4ae3ece1 (webtiles) character file.

Game seed: 14620072099554935573

185644 Bnni the Unseen (level 18, -5/92 (99) HPs)
             Began as a Vine Stalker Fighter on Jan 22, 2023.
             Was a High Priest of Uskayaw.
             Slain by a broodmother simulacrum (6 damage)
             ... on level 3 of the Spider Nest on Jan 23, 2023.
             The game lasted 01:36:58 (26857 turns).

Bnni the Unseen (Vine Stalker Fighter)             Turns: 26857, Time: 01:36:59

HP:   -5/92 (99)    AC: 23    Str: 25    XL:     18   Next: 45%
MP:   0/31          EV:  8    Int: 11    God:    Uskayaw [*****.]
Gold: 2033          SH: 14    Dex: 14    Spells: 12/25 levels left

rFire   . . .      SeeInvis .    j - +3 quick blade (freeze)
rCold   + + +      Faith    .    n - +2 kite shield
rNeg    . . .      Spirit   +    M - +0 ice dragon scales "Saleggos" {rF- rC++ Str+3 Dex-5 Slay+4}
rPois   +          Reflect  .    G - +0 helmet {Int+3}
rElec   .          Harm     .    W - scarf {rC+ rF+}
rCorr   .          Rampage  .    J - +2 pair of gloves
Will    ++...                    w - +0 pair of boots
Stlth   +++++                    (no amulet)
HPRegen 1.15/turn                Z - +4 ring of protection
MPRegen 0.22/turn                a - ring of poison resistance

@: drained
A: fangs 3, regeneration 1, magic shield, antimagic bite, no potion heal 2
a: Renounce Religion, Stomp, Line Pass, Grand Finale


You were on level 3 of the Spider Nest.
You worshipped Uskayaw.
Uskayaw was most pleased with you.
You visited 5 branches of the dungeon, and saw 26 of its levels.
You also visited: Bailey and Ice Cave.

You collected 2796 gold pieces.
You spent 763 gold pieces at shops.

Inventory:

Hand Weapons
 j - a +3 quick blade of freezing (weapon)
Missiles
 K - 4 curare-tipped darts
Armour
 g - the +1 cloak "Dugheve Vimo" {rN+ Int+6 Stlth+}
   (You bought it in a shop on level 2 of the Orcish Mines)

   Int:       It affects your intelligence (+6).
   rN:        It protects you from negative energy.
   Stlth:     It makes you more stealthy.
 n - a +2 kite shield (worn)
 w - a +0 pair of boots (worn)
 G - a +0 helmet of intelligence (worn)
 J - a +2 pair of gloves (worn)
 M - the +0 ice dragon scales "Saleggos" (worn) {rF- rC++ Str+3 Dex-5 Slay+4}
   (You found it on level 2 of the Lair of Beasts)

   Str:       It affects your strength (+3).
   Dex:       It affects your dexterity (-5).
   Slay:      It affects your accuracy & damage with ranged weapons and melee
   (+4).
   rF:        It makes you vulnerable to fire.
   rC:        It greatly protects you from cold.
 W - a scarf of resistance (worn)
 Y - a +2 tower shield of cold resistance
Jewellery
 a - a ring of poison resistance (right hand)
 v - a ring of flight
 L - a ring of resist corrosion
 Z - a +4 ring of protection (left hand)
Wands
 o - a wand of polymorph (6)
 u - a wand of mindburst (30)
 z - a wand of digging (4)
 F - a wand of acid (22)
 I - a wand of roots (22)
 Q - a wand of paralysis (5)
 T - a wand of flame (28)
Scrolls
 d - 2 scrolls of fog
 f - a scroll of brand weapon
 k - 7 scrolls of teleportation
 l - 7 scrolls of poison
 m - 5 scrolls of immolation
 p - 7 scrolls of fear
 r - a scroll of blinking
 s - 7 scrolls of enchant armour
 C - 4 scrolls of amnesia
 E - 2 scrolls of vulnerability
 R - a scroll of magic mapping
 S - a scroll of identify
 V - 3 scrolls of torment
Potions
 b - 4 potions of mutation
 c - 2 potions of might
 e - 3 potions of flight
 h - 11 potions of curing
 q - a potion of resistance
 t - 3 potions of magic
 x - 5 potions of brilliance
 A - 2 potions of ambrosia
 B - 5 potions of haste
 D - 3 potions of cancellation
 H - 2 potions of berserk rage
 N - 3 potions of lignification
 O - 8 potions of heal wounds {unknown}
 U - 2 potions of attraction
Miscellaneous
 i - a tin of tremorstones (2/2)
 P - a condenser vane


   Skills:
 + Level 12.7 Fighting
 - Level 10.0 Short Blades
 + Level 10.0 Armour
 + Level 17.2 Stealth
 * Level 12.1 Shields
 - Level 4.0 Spellcasting
 + Level 6.6 Translocations
 - Level 3.0 Transmutations
 - Level 3.0 Air Magic
 * Level 16.9 Invocations


You had 12 spell levels left.
You knew the following spells:

 Your Spells              Type           Power      Damage    Failure   Level
a - Passage of Golubria   Tloc           16%        N/A       58%         4
b - Blink                 Tloc           32%        N/A       11%         2
c - Lesser Beckoning      Tloc           32%        N/A       11%         2
d - Vhi's Electric Charg  Tloc/Air       24%        N/A       43%         3
w - Wereblood             Tmut           8%         N/A       45%         2

Your spell library contained the following spells:

 Spells                   Type           Power      Damage    Failure   Level
 Gell's Gravitas          Tloc           16%        N/A       22%         3
 Teleport Other           Tloc           16%        N/A       22%         3
 Beastly Appendage        Tmut           16%        N/A       32%         1
 Momentum Strike          Conj/Tloc      18%        3d8       41%         2
 Sting                    Tmut/Pois      20%        1d4       52%         1
 Passwall                 Tmut/Erth      4%         N/A       67%         2
 Poisonous Vapours        Pois/Air       10%        N/A       67%         2
 Kindle Blastsparks       Fire/Tloc/Air  18%        2d11      67%         3
 Swiftness                Air            8%         N/A       69%         3
 Magic Dart               Conj           8%         1d3       75%         1
 Call Imp                 Summ           2%         N/A       86%         2
 Ensorcelled Hibernation  Hex/Ice        4%         N/A       86%         2
 Searing Ray              Conj           4%         2d4       86%         2
 Spider Form              Tmut/Pois      5%         N/A       88%         3
 Mephitic Cloud           Conj/Pois/Air  4%         N/A       92%         3
 Iskenderun's Mystic Bla  Conj/Tloc      9%         2d4       96%         4
 Dazzling Flash           Conj/Hex       4%         N/A       98%         3
 Frozen Ramparts          Ice            4%         1d1       98%         3
 Hailstorm                Conj/Ice       2%         3d3       98%         3
 Ozocubu's Armour         Ice            2%         N/A       98%         3
 Stone Arrow              Conj/Erth      4%         3d7       98%         3
 Tukima's Dance           Hex            2%         N/A       98%         3
 Ice Form                 Ice/Tmut       5%         N/A       99%         4
 Anguish                  Hex/Necr       1%         N/A       100%        4
 Animate Armour           Summ/Erth      4%         N/A       100%        4
 Fulminant Prism          Conj/Hex       1%         3d5       100%        4
 Leda's Liquefaction      Hex/Erth       1%         N/A       100%        4
 Olgreb's Toxic Radiance  Pois           2%         N/A       100%        4
 Summon Ice Beast         Ice/Summ       2%         N/A       100%        4
 Arcjolt                  Conj/Air       2%         1d12      100%        5
 Blade Hands              Tmut           4%         N/A       100%        5
 Lee's Rapid Deconstruct  Erth           1%         3d4*      100%        5
 Yara's Violent Unravell  Hex/Tmut       2%         3d3       100%        5
 Conjure Ball Lightning   Conj/Air       2%         3x3d6     100%        6
 Iron Shot                Conj/Erth      1%         9d1       100%        6
 Simulacrum               Ice/Necr       1%         N/A       100%        6
 Statue Form              Tmut/Erth      3%         N/A       100%        6
 Ozocubu's Refrigeration  Ice            1%         4d7       100%        7
 Discord                  Hex            1%         N/A       100%        8
 Disjunction              Tloc           8%         N/A       100%        8
 Ignition                 Fire           1%         3d3       100%        8
 Lehudib's Crystal Spear  Conj/Erth      1%         10d2      100%        8
 Maxwell's Capacitive Co  Air            4%         ∞         100%        8


Dungeon Overview and Level Annotations

Branches:
Dungeon (14/15)            Temple (0/1) D:7            Lair (5/5) D:8
 Shoals (0/4) Lair:3       Spider (3/4) Lair:2        Slime (0/5) Lair:5
    Orc (2/2) D:10            Elf (2/3) Orc:2        Vaults (0/5) D:14
 Bailey (visited)           IceCv (visited)

Altars:
Ashenzari
Cheibriados
Dithmenos
Elyvilon
Fedhas
Makhleb
Okawaru
Qazlal
Ru
Sif Muna
Trog
Uskayaw
Vehumet
Wu Jian
Xom
Yredelemnul
Zin
Jiyva

Shops:
D:9 =   Orc:2 [*(:   Elf:2 ??!:

Annotations:
D:9 2 transporters, WasteTime5's ghost, novice DsFE
Spider:1 2 transporters, exclusion: orange crystal statue


Innate Abilities, Weirdness & Mutations

You have razor-sharp teeth.
Your natural rate of healing is unusually fast.
When hurt, damage is shared between your health and your magic reserves.
Your bite disrupts and absorbs the magic of your enemies.
Potions cannot restore your health.


Message History

You drain its magic.
You feel invigorated.
The jorogumo is moderately wounded.
You puncture the jorogumo! You freeze the jorogumo. You bite the jorogumo!
The jorogumo's magic leaks into the air.
You drain its magic.
You feel invigorated.
The jorogumo is heavily wounded.
The jorogumo stares at you and mumbles some strange words.
The stream of webbing hits you but does no damage.
You are caught in a web!
You struggle to detach yourself from the web.
The jorogumo is no longer sharing its pain.
The jorogumo hits you!
* * * LOW HITPOINT WARNING * * *
Unknown command.
You struggle to detach yourself from the web.
The jorogumo hits you.
* * * LOW HITPOINT WARNING * * *
The web tears apart.
The jorogumo casts a spell at you. The bolt of negative energy hits you!!!
You feel drained.
* * * LOW HITPOINT WARNING * * *
Uskayaw prepares the audience for your solo!
The helpless jorogumo fails to defend itself.
You perforate the jorogumo like a sieve!!!!
You freeze the jorogumo!
You kill the jorogumo!
You see here a jorogumo corpse.
The helpless culicivora simulacrum fails to defend itself.
You spit the culicivora simulacrum like a pig!!!!
The culicivora simulacrum vaporises!
The broodmother simulacrum is no longer paralysed. x2
The orb spider simulacrum is no longer paralysed.
Okay, then.
You block the broodmother simulacrum's attack.
You hit the broodmother simulacrum.
The broodmother simulacrum is lightly damaged.
The broodmother simulacrum bites you!
* * * LOW HITPOINT WARNING * * *
The broodmother simulacrum freezes you. You resist.
You die...

#.#........###
^#..........#
.#^.....#..##
....#...###.##
#...#...^###.##
.........#
##Z##
......####
##Z## #......#
##Z## .^..^.##
##@## #######
##.# # ### #


You could see an orb spider simulacrum and 2 broodmother simulacra.

Vanquished Creatures
  Asterion (Spider:1)
  Agnes (Elf:1)
  A deep elf sorcerer (Elf:1)
  2 ghost moths
  Louise (Spider:3)
  An orc warlord (Orc:2)
  The ghost of Bueha the Basher, a journeyman DsFi of Okawaru (D:11)
  6 broodmothers
  2 dire elephants (Lair:5)
  3 spark wasps
  The ghost of Dwachs the Frost Mage, a journeyman DrIE of Vehumet (D:11)
  2 fire dragons (D:14)
  4 entropy weavers
  The ghost of Dwachs the Frost Mage, a journeyman DrIE of Vehumet (D:11)
  An ice dragon (D:13)
  4 hydras
  3 jorogumos (Spider:3)
  6 boulder beetles
  A radroach (Spider:2)
  Erica (Lair:1)
  2 catoblepae (Lair:1)
  3 two-headed ogres
  6 centaur warriors
  9 death yaks
  2 tengu warriors
  16 dancing weapons
  6 orc high priests
  Nergalle (D:11)
  16 deep elf knights
  2 spectral death yaks (Lair:5)
  A sun moth (Spider:3)
  5 pharaoh ants
  A spectral anaconda (Lair:5)
  2 bog bodies (IceCv)
  An obsidian statue (Lair:5)
  A deep elf archer (Elf:2)
  2 steelbarb worms
  A wizard (Elf:1)
  5 orb spiders
  21 deep elf pyromancers
  Pikel (D:8)
  3 necromancers (Lair:5)
  3 orc knights
  24 deep elf zephyrmancers
  10 orc sorcerers
  7 ugly things
  7 cyclopes
  18 wolf spiders
  3 moths of wrath
  Maurice (D:11)
  A manticore (D:11)
  10 elephants (Lair:5)
  2 merfolk sirens (Lair:3)
  6 demonic crawlers
  A dire elephant zombie (Lair:5)
  3 black mambas
  4 torpor snails
  An ice statue (IceCv)
  6 cane toads
  2 rime drakes (Lair:3)
  An unseen horror (D:9)
  3 tengu conjurers
  8 kobold demonologists
  2 freezing wraiths (D:14)
  An ice devil (IceCv)
  9 komodo dragons
  3 anaconda simulacra (IceCv)
  2 efreet
  4 polar bears
  5 trolls
  A wolf spider simulacrum (D:14)
  2 merfolk (Lair:3)
  A hornet (D:10)
  26 tarantellas
  38 blink frogs
  11 dream sheep
  Grinder (D:6)
  5 spectral elephants (Lair:5)
  2 slime creatures (D:14)
  19 culicivoras
  23 jumping spiders
  An air elemental (Elf:2)
  A shadow (D:9)
  2 vampires
  A hog (shapeshifter) (D:13)
  45 yaks
  6 wraiths
  7 fire bats (Lair:3)
  A fire elemental (Elf:1)
  A wyvern (Lair:3)
  3 basilisks
  35 redbacks
  5 vampire mosquitoes
  2 spectral cane toads (Lair:5)
  A harpy simulacrum (IceCv)
  2 death yak simulacra
  Edmund (D:5)
  A warg (Orc:1)
  3 swamp worms (Lair:3)
  4 acid dragons
  12 water moccasins
  2 ice beasts (D:6)
  A black bear (D:6)
  39 orc warriors
  2 elephant zombies (Lair:5)
  5 ogres
  13 wolves
  An elephant skeleton (Lair:5)
  A boggart (Elf:1)
  13 centaurs
  A lemure (D:8)
  3 phantoms
  9 kobold brigands
  A wyvern zombie (D:7)
  14 bullfrogs
  A gnoll sergeant (D:12)
  3 necrophages
  2 earth elementals (Elf:2)
  4 cane toad simulacra
  4 scorpions
  6 two-headed ogre simulacra (IceCv)
  5 wights (D:6)
  An elephant simulacrum (IceCv)
  7 killer bees
  3 howler monkeys
  An electric eel (D:14)
  3 centaur zombies (D:7)
  3 hounds
  A lava snake (Lair:3)
  3 bullfrog zombies (D:7)
  7 jellies
  22 orc priests
  2 iguanas
  7 hell rats (Lair:3)
  2 troll simulacra (IceCv)
  21 orc wizards
  A polar bear simulacrum (IceCv)
  9 spriggan simulacra (IceCv)
  A wolf simulacrum (IceCv)
  7 adders
  10 gnolls
  3 naga simulacra (IceCv)
  11 white imps
  6 ufetubi
  4 dart slugs
  72 orcs
  13 endoplasms
  4 giant cockroaches
  8 goblins
  4 hobgoblins
  2 jackals (D:2)
  25 kobolds
  A quokka (D:4)
  7 ball pythons
  2 bats
  3 frilled lizards (D:2)
  4 rats
970 creatures vanquished.

Vanquished Creatures (collateral kills)
  2 hydras (D:13)
  A centaur warrior (D:13)
  4 dancing weapons (Elf:2)
  A deep elf zephyrmancer (Elf:2)
  2 wyverns (D:9)
  An acid dragon (D:9)
  A kobold brigand (D:9)
  A killer bee (D:9)
  A jelly (D:9)
  A kobold (D:9)
15 creatures vanquished.

Vanquished Creatures (others)
  A two-headed ogre (D:9)
  An orc knight (Orc:2)
  A wizard (Elf:1)
  A yak (D:9)
  2 orc warriors (D:9)
  A bullfrog (D:9)
  A gnoll sergeant (D:9)
  7 fungi
  18 plants
  8 withered plants (Lair:5)
41 creatures vanquished.

Grand Total: 1026 creatures vanquished

Notes
Turn   | Place    | Note
-------+----------+-------------------------------------------
     0 | D:1      | Bnni the Vine Stalker Fighter began the quest for the Orb.
     0 | D:1      | Reached XP level 1. HP: 11/11 MP: 2/2
    71 | D:1      | Reached XP level 2. HP: 9/16 MP: 0/3
   129 | D:1      | Found a faded altar of an unknown god.
   265 | D:1      | Reached skill level 1 in Stealth
   368 | D:1      | Reached XP level 3. HP: 18/19 MP: 4/4
  1103 | D:2      | Gained mutation: Your natural rate of healing is unusually
                  | fast. [Vine Stalker growth]
  1103 | D:2      | Reached XP level 4. HP: 12/24 MP: 3/5
  1277 | D:3      | Found a sacrificial altar of Ru.
  1374 | D:3      | Noticed a phantom
  1412 | D:3      | Killed a phantom
  1413 | D:3      | Reached skill level 2 in Stealth
  1413 | D:3      | Reached XP level 5. HP: 25/28 MP: 4/6
  1679 | D:3      | Reached XP level 6. HP: 17/32 MP: 3/7
  1746 | D:3      | Found an ornate altar of the Wu Jian Council.
  1973 | D:4      | Noticed an acid dragon
  1979 | D:4      | Killed an acid dragon
  1980 | D:4      | Reached skill level 3 in Stealth
  2120 | D:3      | Reached XP level 7. HP: 23/35 MP: 4/8
  2156 | D:4      | Reached skill level 4 in Stealth
  2341 | D:4      | Reached skill level 5 in Short Blades
  2404 | D:4      | Found a hide-covered altar of Uskayaw.
  2409 | D:4      | Became a worshipper of Uskayaw the Reveller
  2499 | D:4      | Reached * piety under Uskayaw
  2661 | D:4      | Reached ** piety under Uskayaw
  2696 | D:5      | Entered Level 5 of the Dungeon
  2733 | D:5      | Reached *** piety under Uskayaw
  2784 | D:5      | Found a blossoming altar of Fedhas.
  2784 | D:5      | Found a glowing silver altar of Zin.
  2824 | D:5      | Reached **** piety under Uskayaw
  2873 | D:5      | Reached skill level 1 in Invocations
  2895 | D:5      | Reached skill level 5 in Stealth
  2895 | D:5      | Gained mutation: You have razor-sharp teeth. [Vine Stalker
                  | growth]
  2895 | D:5      | Reached XP level 8. HP: 42/42 MP: 8/10
  2995 | D:5      | Found a radiant altar of Vehumet.
  3096 | D:5      | You are sucked into a shaft and drop 1 floor!
  3135 | D:5      | Noticed Edmund
  3153 | D:5      | Killed Edmund
  3154 | D:5      | Reached skill level 5 in Fighting
  3347 | D:6      | Reached skill level 6 in Stealth
  3404 | D:6      | Reached ***** piety under Uskayaw
  3407 | D:6      | Reached XP level 9. HP: 39/47 MP: 9/12
  3558 | D:6      | Found a snail-covered altar of Cheibriados.
  3605 | D:6      | Noticed Grinder
  3612 | D:6      | Killed Grinder
  3613 | D:6      | Reached skill level 7 in Stealth
  3857 | D:6      | Found a stormy altar of Qazlal.
  4224 | D:7      | Found a basalt altar of Yredelemnul.
  4457 | D:7      | Found a staircase to the Ecumenical Temple.
  4682 | D:7      | Reached skill level 8 in Stealth
  4682 | D:7      | Reached XP level 10. HP: 53/53 MP: 14/14
  4825 | D:8      | Found a shimmering blue altar of Sif Muna.
  4830 | D:8      | Noticed Pikel
  4848 | D:8      | Killed Pikel
  4849 | D:8      | Reached skill level 5 in Invocations
  5224 | D:8      | Found a white marble altar of Elyvilon.
  5234 | D:8      | Found a flagged portal.
  5243 | Bailey   | Entered a bailey
  5349 | Bailey   | Noticed an orc knight
  5351 | Bailey   | Found a large runed translucent door.
  5351 | Bailey   | Found a large runed translucent door.
  5352 | Bailey   | Noticed a deep elf pyromancer
  5370 | Bailey   | Killed an orc knight
  5592 | Bailey   | Killed a deep elf pyromancer
  5593 | Bailey   | Reached skill level 9 in Stealth
  5690 | D:8      | Found a staircase to the Lair.
  5966 | D:8      | Reached XP level 11. HP: 43/58 MP: 16/16
  6295 | D:9      | Found Asecwull's Jewellery Shop.
  6336 | D:9      | Found a transporter.
  6338 | D:9      | Noticed WasteTime5's ghost (novice DsFE)
  6339 | D:9      | Noticed an ogre mage
  6519 | D:9      | Reached skill level 10 in Short Blades
  6549 | D:9      | Found a viscous altar of Jiyva.
  6568 | D:9      | Noticed a two-headed ogre
  6569 | D:9      | Found a shimmering altar of Xom.
  6761 | D:9      | Killed a two-headed ogre
  6920 | D:9      | Reached skill level 10 in Stealth
  6941 | D:9      | Found a transporter.
  7264 | D:10     | Entered Level 10 of the Dungeon
  7295 | D:10     | Found a bloodstained altar of Trog.
  7306 | D:10     | Found a shadowy altar of Dithmenos.
  7344 | D:10     | Found a burning altar of Makhleb.
  7663 | D:10     | Noticed a two-headed ogre
  7675 | D:10     | Killed a two-headed ogre
  7700 | D:10     | Found a broken altar of Ashenzari.
  7702 | D:10     | Found a staircase to the Orcish Mines.
  8136 | D:11     | Noticed a boulder beetle
  8170 | D:11     | Killed a boulder beetle
  8208 | D:11     | Noticed a two-headed ogre
  8227 | D:11     | Killed a two-headed ogre
  8242 | D:11     | Reached skill level 11 in Stealth
  8369 | D:11     | Noticed Maurice
  8394 | D:11     | Killed Maurice
  8395 | D:11     | Reached XP level 12. HP: 65/65 MP: 19/19
  8461 | D:11     | Noticed Nergalle
  8489 | D:11     | Killed Nergalle
  8503 | D:11     | Noticed a boulder beetle
  8524 | D:11     | Found a runed translucent gate.
  8524 | D:11     | Found a runed translucent gate.
  8524 | D:11     | Found a runed translucent gate.
  8554 | D:11     | Killed a boulder beetle
  8848 | D:11     | Noticed Dwachs's ghost (journeyman DrIE)
  8848 | D:11     | Noticed Bueha's ghost (journeyman DsFi)
  8848 | D:11     | Noticed Dwachs's ghost (journeyman DrIE)
  8947 | D:11     | Killed Dwachs's ghost
  8950 | D:11     | Killed Dwachs's ghost
  9134 | D:11     | Killed Bueha's ghost
  9348 | D:12     | Reached skill level 5 in Armour
  9348 | D:12     | Reached skill level 10 in Invocations
  9512 | D:12     | Noticed a boulder beetle
  9531 | D:12     | Killed a boulder beetle
  9657 | D:12     | Found an iron altar of Okawaru.
  9897 | D:13     | Reached skill level 12 in Stealth
 10078 | D:13     | Noticed a sun demon
 10233 | D:13     | Found a frozen archway.
 10234 | D:13     | Noticed an ice dragon
 10250 | D:13     | Reached XP level 13. HP: 70/70 MP: 22/22
 10252 | D:13     | Killed an ice dragon
 10298 | IceCv    | Entered an ice cave
 10868 | IceCv    | Reached ****** piety under Uskayaw
 10912 | IceCv    | Got the Handbook of Cold Execration
 11175 | D:13     | Reached skill level 13 in Stealth
 11555 | D:13     | Reached skill level 10 in Fighting
 11559 | D:13     | Identified the +0 scale mail of the Butterfly {Str+2}
 12403 | D:14     | Found a gate to the Vaults.
 12442 | D:14     | Reached skill level 5 in Shields
 12512 | D:14     | Reached XP level 14. HP: 76/77 MP: 24/24
 12673 | D:14     | Reached skill level 14 in Stealth
 13238 | Lair:1   | Entered Level 1 of the Lair of Beasts
 13909 | Lair:1   | Noticed Erica
 13937 | Lair:1   | Killed Erica
 14865 | Lair:2   | Found a hole to the Spider Nest.
 15392 | Lair:2   | Identified the +0 ice dragon scales "Saleggos" {rF- rC++
                  | Str+3 Dex-5 Slay+4}
 15746 | Lair:3   | Reached XP level 15. HP: 50/81 MP: 23/26
 16086 | Lair:3   | Found a staircase to the Shoals.
 17384 | Lair:5   | Entered Level 5 of the Lair of Beasts
 17387 | Lair:5   | Found a staircase to the Slime Pits.
 17398 | Lair:5   | Reached skill level 15 in Stealth
 17495 | Lair:5   | Learned a level 3 spell: Vhi's Electric Charge
 17498 | Lair:5   | Learned a level 2 spell: Blink
 17501 | Lair:5   | Learned a level 2 spell: Wereblood
 17506 | Lair:5   | Learned a level 4 spell: Passage of Golubria
 17509 | Lair:5   | Learned a level 2 spell: Lesser Beckoning
 17671 | Lair:5   | Reached skill level 1 in Translocations
 17680 | Lair:5   | Reached skill level 1 in Spellcasting
 19136 | Orc:1    | Entered Level 1 of the Orcish Mines
 19245 | Orc:1    | Paralysed by an orc sorcerer for 4 turns
 19260 | Orc:1    | Reached XP level 16. HP: 87/88 MP: 28/28
 19651 | Orc:2    | Entered Level 2 of the Orcish Mines
 19651 | Orc:2    | Found a staircase to the Elven Halls.
 19755 | Elf:1    | Entered Level 1 of the Elven Halls
 19875 | Orc:2    | Reached skill level 15 in Invocations
 20402 | Orc:2    | Found Genwaola's General Store.
 20403 | Orc:2    | Found Daaczoycw's Book Shop.
 20405 | Orc:2    | Found Ytuatri's Antique Armour Boutique.
 20405 | Orc:2    | Found Bitzapla's Antique Weapon Boutique.
 20430 | Orc:2    | Bought a fading cloak for 218 gold pieces
 20430 | Orc:2    | Identified the +1 cloak "Dugheve Vimo" {rN+ Int+6 Stlth+}
                  | (You bought it in a shop on level 2 of the Orcish Mines)
 21338 | Elf:1    | Noticed Agnes
 21352 | Elf:1    | Killed Agnes
 21499 | Elf:2    | Found Suysiec's Book Shop.
 21500 | Elf:2    | Found Qenli's Magic Scroll Shop.
 21500 | Elf:2    | Paralysed by an air elemental for 1 turns
 21501 | Elf:2    | Found Cykum's Magic Scroll Shop.
 21506 | Elf:2    | Found Vuthum's Distillery.
 21587 | Elf:2    | Bought a scroll of fear for 60 gold pieces
 21587 | Elf:2    | Bought 2 scrolls of blinking for 225 gold pieces
 21604 | Elf:2    | Reached skill level 16 in Stealth
 21604 | Elf:2    | Reached skill level 10 in Shields
 21858 | Elf:2    | Found a runed translucent gate.
 21858 | Elf:2    | Found a runed translucent gate.
 21858 | Elf:2    | Found a runed translucent gate.
 22003 | Elf:2    | Found a shimmering altar of Xom.
 22124 | Elf:2    | Reached XP level 17. HP: 76/93 MP: 29/29
 22738 | Elf:2    | Reached skill level 5 in Translocations
 23692 | D:9      | Bought a ring of poison resistance for 260 gold pieces
 23847 | Spider:1 | Entered Level 1 of the Spider Nest
 23951 | Spider:1 | Noticed Asterion
 23967 | Spider:1 | Found a transporter.
 23990 | Spider:1 | Found a transporter.
 24345 | Spider:1 | Upgraded the game from 0.30-a0-709-gcdc1b43e22 to
                  | 0.30-a0-715-gdb4ae3ece1
 24392 | Spider:1 | Killed Asterion
 24828 | Spider:2 | Reached skill level 1 in Transmutations
 24830 | Spider:2 | Reached skill level 1 in Air Magic
 25433 | Spider:2 | Reached XP level 18. HP: 98/98 MP: 31/31
 25857 | Spider:3 | Noticed Louise
 25939 | Spider:3 | Killed Louise
 26071 | Spider:3 | Reached skill level 17 in Stealth
 26832 | Spider:3 | Reached skill level 10 in Armour
 26848 | Spider:3 | HP: 4/91 [jorogumo/bolt of negative energy (17)]
 26857 | Spider:3 | HP: 1/92 [broodmother simulacrum (11)]
 26857 | Spider:3 | Slain by a broodmother simulacrum

Illustrated notes

Levels and vault maps discovered:
D:1:      onia_arrival_mini_spirals, layout_basic,
          hellmonk_ecumenical_altar_inner_sanctum
D:2:      layout_basic
D:3:      layout_basic, mainiacjoe_overflow_tiny_flanked,
          lemuel_coloured_pillars_altar
D:4:      layout_rooms, kennysheep_little_box, minmay_misc_feat_x,
          hangedman_glass_teeth
D:5:      layout_rooms, mainiacjoe_overflow_catwalk,
          gammafunk_temple_overflow_elements, grunt_ministairs_9,
          minmay_statues_item, hellmonk_bongcloud_opening,
          nicolae_concentric_dashed_squares_mild, uniq_edmund
D:6:      layout_rooms, lemuel_round_altar, marbit_many_paths, uniq_grinder
D:7:      layout_basic, nicolae_yredelemnul_corpse_copse,
          minmay_temple_entry_nine_rooms, wad_rectangle_vault
D:8:      layout_basic, amcnicky_altar_gilded,
          mainiacjoe_overflow_cross_hatched, lair_entry_dummy, enter_bailey_6,
          uniq_pikel
D:9:      layout_irregular_city, xom_confusion_cloud, gammafunk_ghost_arena,
          serial_shops, shop_statue, jiyva_altar_1
D:10:     layout_long_grid, mainiacjoe_overflow_alcove_4,
          mainiacjoe_overflow_paths, nicolae_dithmenos_shadow_blocks,
          cheibrodos_ashenzari_chains, orc_0_dummy, nzn_life_drinkers
D:11:     layout_cave_pools, gammafunk_ghost_cemetery, uniq_nergalle,
          uniq_maurice
D:12:     layout_rooms, kennysheep_okawaru_gauntlet
D:13:     layout_stronghold, portal_ice_cave_entry_animals_and_master,
          minmay_between
D:14:     minmay_ornate_pinched, layout_rooms, minmay_crystal_water,
          st_stairs_14
Lair:1:   layout_cave_shapes, minmay_shattered_shrine, serial_bayou_shore_b,
          uniq_erica
Lair:2:   layout_cave_pods, spider_nest_entry_rubble, pond,
          serial_bayou_shore_b, serial_bayou_shore_b, lemuel_fruit_fields
Lair:3:   layout_gridlike, elwin_shoals_entry_stream, worms_lemuel
Lair:4:   layout_regular_city, serial_bayou_shore_b
Lair:5:   due_jungle_book, layout_gridlike, nicolae_slime_entry_slimehenge
Spider:1: gammafunk_sealed_arena, uniq_asterion
Spider:2: layout_cave_pods
Spider:3: nicolae_spider_broodchamber, guppyfry_spider_mini_1, uniq_louise
Orc:1:    layout_diamond_mine
Orc:2:    st_orc_congregation, layout_caves
Elf:1:    nicolae_elf_arrival_no_cutting_in_line, layout_geoelf_diagonals,
          hangedman_elf_disciples, uniq_agnes
Elf:2:    elven_hall_of_blades_hangedman_original
          [nicolae_blade_entry_antechamber], layout_gridlike, basic_altar,
          minmay_shop_grid_forest

Skill      XL: |  1  2  3  4  5  6  7  8  9 10 11 12 13 14 15 16 17 18 |
---------------+-------------------------------------------------------+-----
Short Blades   | 2 3 4 5 6 8 9 10 | 10.0
Shields        | 3 4 5 7 9 10 11 12 | 12.1
Stealth        | 1 2 3 5 6 8 9 11 12 13 14 15 16 17 | 17.2
Fighting       | 3 4 5 6 7 8 9 10 11 12 | 12.7
Invocations    | 1 3 4 6 8 10 12 13 14 15 16 | 16.9
Armour         | 4 5 6 7 8 9 10 | 10.0
Translocations | 2 4 6 |  6.6
Spellcasting   | 2 4 |  4.0
Transmutations | 1 3 |  3.0
Air Magic      | 1 3 |  3.0

Action                     |  1- 3 |  4- 6 |  7- 9 | 10-12 | 13-15 | 16-18 || total
---------------------------+-------+-------+-------+-------+-------+-------++-------
  Melee: Rapier            |   110 |   101 |    55 |       |       |       ||   266
         Bite              |    21 |    27 |   147 |   437 |   859 |   573 ||  2064
         Short sword       |       |       |   377 |  1023 |  1764 |   723 ||  3887
         Trident           |       |       |       |     6 |       |       ||     6
         Quick blade       |       |       |       |       |       |   666 ||   666
  Throw: Dart              |       |     2 |     2 |     7 |     7 |     3 ||    21
         Throwing net      |       |       |       |       |       |     2 ||     2
   Cast: Lesser Beckoning  |       |       |       |       |       |     3 ||     3
         Blink             |       |       |       |       |       |     1 ||     1
 Invoke: Line Pass         |       |       |     4 |    14 |     5 |    13 ||    36
         Stomp             |       |       |       |     2 |     3 |    14 ||    19
         Grand Finale      |       |       |       |     1 |     1 |     7 ||     9
  Evoke: Wand              |       |       |       |     2 |     1 |     1 ||     4
    Use: Potion            |       |     1 |       |     1 |     1 |     2 ||     5
         Scroll            |       |       |     7 |     7 |     9 |    20 ||    43
   Stab: Paralysed         |       |       |    19 |    39 |    82 |   105 ||   245
         Confused          |       |       |       |    11 |     8 |     7 ||    26
         Petrified         |       |       |       |       |     3 |       ||     3
         Sleeping          |       |       |       |       |    12 |    26 ||    38
         Distracted        |       |       |       |       |     1 |     3 ||     4
 Armour: Scale mail        |    38 |    12 |       |       |       |       ||    50
         Plate armour      |       |    28 |   124 |   277 |   343 |       ||   772
         Ice dragon scales |       |       |       |       |   151 |   414 ||   565
  Dodge: Dodged            |    46 |    24 |    62 |    97 |   251 |   293 ||   773
  Block: Buckler           |    28 |    23 |    55 |   157 |   173 |       ||   436
         Kite shield       |       |       |       |       |   223 |   560 ||   783

Table legend: (Time is in decaauts)
 A = Elapsed time spent in this place.
 B = Non-inter-level travel time spent in this place.
 C = Inter-level travel time spent in this place.
 D = Time resting spent in this place.
 E = Time spent auto-exploring this place.
 F = Levels seen in this place.
 G = Mean time per level.
                   A        B        C        D        E       F      G
               +--------+--------+--------+--------+--------+-----+--------+
         Total |  24206 |  22664 |   1542 |   1841 |  14529 |  28 |  864.5 |
       Dungeon |  11178 |  10341 |    837 |    678 |   7079 |  14 |  798.4 |
          Lair |   5316 |   4967 |    349 |     68 |   3751 |   5 | 1063.2 |
   Spider Nest |   2587 |   2535 |     52 |    334 |   1274 |   3 |  862.3 |
  Orcish Mines |   1397 |   1280 |    117 |    114 |    820 |   2 |  698.5 |
   Elven Halls |   2679 |   2494 |    185 |    482 |   1204 |   2 | 1339.5 |
        Bailey |    376 |    376 |      0 |     46 |    120 |   1 |  376.0 |
      Ice Cave |    670 |    670 |      0 |    119 |    281 |   1 |  670.0 |
               +--------+--------+--------+--------+--------+-----+--------+

Top non-repeatable levels by time:
   Elf:2: 1724 daAuts
    D:13: 1447 daAuts
  Lair:5: 1290 daAuts
     D:8: 1253 daAuts
  Lair:1: 1211 daAuts
Spider:2: 1097 daAuts
  Lair:2: 1097 daAuts
     D:9: 1014 daAuts
   Elf:1: 955 daAuts
    D:10: 897 daAuts
  Lair:4: 885 daAuts
  Lair:3: 831 daAuts
     D:3: 808 daAuts
    D:11: 806 daAuts
Spider:1: 790 daAuts
